Map: Traitor's Exile

Players

isaac - Winner!

  • Race: Zerg Zerg
  • League: Master
  • Spawn Location: 12:00

PureLegacy - Winner!

  • Race: Terran Terran
  • League: Master
  • Spawn Location: 9:00

Drako

  • Race: Protoss Protoss
  • Spawn Location: 5:00

GRoupe

  • Race: Terran Terran
  • League: Master
  • Spawn Location: 6:00

VOD

Have the link to the VOD?

Description

Time

  • Played on: Dec. 2, 2018, 4:30 p.m.
  • Length: 6:05
Show
View Real Time Build Order
Export as new Build Order

isaac Zerg - Winner!

Build Orders: Pool First 

Get SALT Encoding   

  12  0:01  Drone  
  13  0:11  Drone  
  14  0:15  Drone, Extractor  
  15  0:22  Overlord  
  15  0:41  Drone x2  
  17  0:44  Extractor  
  17  0:48  Spawning Pool  
  15  0:52  Drone  
  15  0:56  Drone  
  17  1:07  Drone  
  18  1:24  Hatchery  
  17  1:34  Queen  
  17  1:37  Zergling x2  
  20  1:45  Metabolic Boost  
  20  1:50  Drone  
  20  1:52  Drone  
  22  1:58  Overlord  
  22  2:15  Queen  
  22  2:17  Zergling x2  
  22  2:20  Zergling x2  
  26  2:24  Zergling x2  
  27  2:37  Zergling x2  
  27  2:38  Overlord  
  28  2:46  Zergling x4  
  28  2:48  Zergling x4  
  28  2:51  Zergling x2  
  33  3:00  Zergling x2  
  33  3:03  Zergling x2  
  35  3:07  Queen  
  35  3:08  Queen  
  39  3:15  Zergling x4  
  39  3:19  Overlord  
  39  3:36  Drone x2  
  39  3:37  Drone x2  
  39  3:38  Overlord  
  39  3:39  Zergling x2  
  42  4:05  Drone  
  42  4:06  Drone x2  
  45  4:14  Zergling x2, Hatchery  
  45  4:15  Zergling x6  
  46  4:29  Zergling x10  
  46  4:30  Zergling x2  
  47  4:33  Zergling x2  
  45  4:54  Zergling x8  
  48  5:03  Zergling x2  
  48  5:12  Zergling x6  
  50  5:22  Drone x2  
  50  5:23  Drone x4  
  50  5:27  Drone  
  56  5:43  Zergling x2  
  56  5:46  Zergling x2  
  56  5:47  Zergling x6  
  57  6:03  Extractor  
Show
View Real Time Build Order
Export as new Build Order

PureLegacy Terran - Winner!

Build Orders:  

Get SALT Encoding   

  12  0:00  SCV  
  13  0:13  SCV  
  14  0:18  Supply Depot  
  14  0:25  SCV  
  15  0:30  Refinery  
  15  0:39  SCV  
  16  0:46  Barracks  
  16  0:55  SCV  
  17  1:03  Barracks  
  17  1:20  Barracks  
  17  1:23  SCV  
  18  1:33  Reaper  
  19  1:41  Orbital Command  
  19  1:48  Refinery  
  19  1:51  Reaper  
  20  2:00  Supply Depot  
  20  2:07  Reaper  
  21  2:10  Reaper  
  21  2:13  SCV  
  23  2:23  Reaper  
  23  2:25  SCV  
  25  2:32  Supply Depot  
  25  2:37  SCV  
  25  2:39  Reaper  
  27  2:58  Reaper  
  28  3:04  Reaper  
  29  3:09  SCV  
  29  3:11  Reaper  
  31  3:14  Command Center  
  31  3:21  SCV  
  32  3:30  Reaper  
  32  3:33  SCV  
  34  3:43  Reaper  
  34  3:45  Barracks x2, Reaper  
  36  3:52  SCV  
  37  4:02  Reaper  
  37  4:04  SCV  
  38  4:14  Supply Depot, Engineering Bay  
  38  4:20  Reaper  
  39  4:26  Reaper  
  40  4:38  Reaper  
  39  4:52  Reaper x2  
  40  4:53  Orbital Command  
  40  4:55  Refinery  
  40  4:56  Refinery  
  40  4:58  Reaper  
  38  5:08  Reaper  
  38  5:09  SCV  
  38  5:10  Reaper  
  40  5:18  SCV  
  41  5:21  SCV  
  41  5:24  Reaper  
  41  5:26  Reaper  
  44  5:30  SCV  
  44  5:31  Barracks x2  
  44  5:33  SCV  
  53  6:04  Factory  
Show
View Real Time Build Order
Export as new Build Order

Drako Protoss 

Build Orders:  

Get SALT Encoding   

  12  0:03  Probe  
  13  0:15  Probe  
  13  0:18  Pylon  
  14  0:23  Probe  
  15  0:33  Probe  
  15  0:41  Gateway  
  16  0:46  Probe  
  17  0:52  Assimilator  
  17  0:58  Probe  
  17  1:00  Assimilator  
  18  1:10  Probe  
  19  1:15  Pylon  
  19  1:23  Probe  
  20  1:30  Cybernetics Core  
  20  1:32  Zealot  
  22  1:36  Probe  
  23  1:49  Probe  
  24  2:03  Stalker  
  24  2:05  Probe  
  24  2:12  Shield Battery  
  24  2:14  Warp Gate  
  26  2:22  Robotics Facility  
  26  2:30  Sentry  
  28  2:37  Probe  
  28  2:40  Pylon  
  29  2:50  Sentry  
  29  2:58  Probe  
  32  3:01  Gateway  
  32  3:03  Gateway  
  32  3:17  Immortal  
  36  3:29  Adept  
  34  3:50  Pylon  
  32  4:02  Immortal  
  36  4:12  Pylon  
  36  4:16  Shield Battery  
  36  4:17  Adept x3  
  27  4:40  Adept  
  27  4:41  Adept  
  27  4:42  Adept  
  27  4:45  Probe  
  24  4:53  Probe  
  25  5:01  Pylon  
  25  5:03  Probe  
  20  5:12  Immortal, Adept x2  
  23  5:17  Pylon  
  19  5:23  Probe  
  24  5:32  Adept x3  
  22  5:54  Adept x3  
Show
View Real Time Build Order
Export as new Build Order

GRoupe Terran 

Build Orders: Cyclone Opening 

Get SALT Encoding   

  12  0:00  SCV  
  13  0:13  SCV  
  14  0:18  Supply Depot  
  14  0:25  SCV  
  15  0:29  Refinery  
  15  0:40  SCV  
  16  0:45  Barracks  
  16  0:52  SCV  
  17  1:00  Refinery  
  18  1:04  SCV  
  18  1:16  SCV  
  19  1:32  Orbital Command  
  19  1:33  Reaper  
  19  1:37  Factory  
  20  1:58  Supply Depot, SCV  
  21  2:05  Reaper  
  22  2:10  SCV  
  23  2:21  Factory Tech Lab  
  23  2:37  Barracks Reactor  
  23  2:39  Cyclone  
  26  2:44  Command Center  
  23  3:15  Cyclone  
Tags
 
Add a new tag
Caveats
  • Supply blocks, unpowered buildings, or Contaminate may cause inaccurate times.
  • Supply counts are checked every 10 seconds.